 Dungeon Crawl Stone Soup version 0.29.0-4-gdea44cf6ec (webtiles) character file.

Game seed: 266998585222236059

8169 qw the Cleaver (level 11, -2/106 HPs)
             Began as a Gargoyle Berserker on Sept 6, 2022.
             Was a Priest of Trog.
             Slain by a tengu warrior
             ... wielding a +3 great mace
              (11 damage)
             ... on level 10 of the Dungeon.
             The game lasted 00:04:42 (9843 turns).

qw the Cleaver (Gargoyle Berserker)                 Turns: 9843, Time: 00:04:42

Health: -2/106     AC: 27    Str: 25    XL:     11   Next: 26%
Magic:  11/11      EV:  7    Int:  8    God:    Trog [***...]
Gold:   590        SH:  0    Dex:  9    Spells: 10/10 levels left

rFire   . . .      SeeInvis .   n - +0 morningstar
rCold   . . .      Faith    .   (no shield)
rNeg    + . .      Spirit   .   o - +0 plate armour
rPois   inf        Reflect  .   b - +2 helmet
rElec   +          Harm     .   p - +0 cloak
rCorr   +          Rampage  .   (no gloves)
Will    .....                   f - +0 pair of boots
Stlth   ..........              a - amulet of regeneration
HPRegen 1.07/turn               k - ring of resist corrosion
MPRegen 0.12/turn               (no ring)

@: berserking, very quick
A: sickness immunity, AC +8, negative energy resistance 1, electricity
resistance, torment resistance 1, petrification resistance
a: Renounce Religion, Berserk, Trog's Hand


You were on level 10 of the Dungeon.
You worshipped Trog.
Trog was most pleased with you.
You visited 1 branch of the dungeon, and saw 10 of its levels.

You collected 590 gold pieces.


Innate Abilities, Weirdness & Mutations

You are immune to sickness and miasma.
Your stone body is resilient. (AC +8)
You are immune to poison.
You resist negative energy. (rN+)
You are resistant to electric shocks. (rElec)
You are resistant to unholy torment.
You are immune to petrification.


   Skills:
 - Level 9.2 Fighting
 - Level 12.0 Axes
 - Level 4.0 Throwing
 + Level 8.0 Armour
 - Level 1.5 Dodging


You had 10 spell levels left.
You didn't know any spells.
Your spell library was empty.

Inventory:

Hand Weapons
 n - a +0 morningstar (weapon)
 Y - a +1 war axe
Missiles
 h - 14 javelins
 l - 3 silver javelins (quivered)
 t - 7 boomerangs
Armour
 b - a +2 helmet (worn)
 f - a +0 pair of boots (worn)
 o - a +0 plate armour (worn)
 p - a +0 cloak (worn)
 s - a +1 chain mail of fire resistance
Jewellery
 a - an amulet of regeneration (around neck)
 e - the amulet of Elemental Vulnerability {rPois rF-- rC-- AC+8}
   (You found it on level 4 of the Dungeon)

   [amulet of nothing]

   AC:        It affects your AC (+8).
   rF:        It makes you very vulnerable to fire.
   rC:        It makes you very vulnerable to cold.
   rPois:     It protects you from poison.
 k - a ring of resist corrosion (left hand)
Scrolls
 c - a scroll of identify
 q - a scroll of teleportation
Potions
 d - a potion of haste
 g - 5 potions of heal wounds
 i - 3 potions of mutation
 j - a potion of cancellation
 m - a potion of might
 r - a potion of curing

Dungeon Overview and Level Annotations

Branches:
Dungeon (10/15)            Temple (0/1) D:4
   Lair: D:8-11         Orc: D:9-12

Altars:
Ashenzari
Cheibriados
Gozag
Hepliaklqana
Makhleb
Okawaru
Sif Muna
Trog
Vehumet
Wu Jian
Zin
The Shining One

Annotations:
D:5 2 runed translucent doors, qw's ghost, amateur MiFi


Message History

You hear a shout! x2
You hit the seven-headed hydra.
The seven-headed hydra is severely wounded.
The tengu warrior hits you with a +3 great mace!
The tengu warrior barely misses you.
The tengu warrior claws you but does no damage.
The green ugly thing barely misses you.
You puncture the seven-headed hydra!
The seven-headed hydra is almost dead.
The seven-headed hydra bites you but does no damage.
The seven-headed hydra bites you.
The seven-headed hydra bites you but does no damage. x4
The seven-headed hydra bites you.
You barely miss the seven-headed hydra.
The seven-headed hydra is almost dead.
The tengu warrior hits you but does no damage.
The tengu warrior pecks you but does no damage.
The tengu warrior claws you but does no damage.
The green ugly thing gores you but does no damage.
The seven-headed hydra bites you but does no damage. x3
The seven-headed hydra closely misses you.
The seven-headed hydra bites you but does no damage.
The seven-headed hydra barely misses you.
The seven-headed hydra bites you but does no damage.
You impale the seven-headed hydra!!
You feel the power of Trog in you as your rage grows.
You kill the seven-headed hydra!
Trog accepts your kill.
The tengu warrior hits you with a +3 great mace.
The tengu warrior pecks you but does no damage.
The tengu warrior claws you but does no damage.
The green ugly thing gores you but does no damage.
You hear a shout!
Your Axes skill increases to level 12!
You completely miss the tengu warrior. The yaktaur closely misses you.
You puncture the tengu warrior!
The tengu warrior is moderately wounded.
The tengu warrior hits you with a +3 great mace!
You die...

#. #####
#(.#####....
#..c#..#
#.uQ@O######.
#..u#........
#..####<...###.
#. ###....#
...... ......
..... #..<.
....


You could see 2 ugly things, a tengu warrior (ally target), a yaktaur and a
friendly ogre (summoned, berserk).

Vanquished Creatures
  A hydra (D:10)
  Pikel (D:4)
  Maggie (D:7)
  13 yaks (D:9)
  A wyvern (D:5)
  4 steam dragons
  Menkaure (D:4)
  An acid dragon (D:8)
  2 water moccasins
  3 ice beasts
  3 sky beasts
  3 orc warriors
  2 black bears (D:6)
  An ogre (D:5)
  A centaur (D:8)
  A phantom (D:6)
  4 lemures (D:4)
  3 kobold brigands
  4 necrophages
  3 bullfrogs
  3 scorpions
  6 killer bees
  4 howler monkeys
  8 crimson imps (D:7)
  3 hounds
  3 jellies
  8 orc priests
  4 iguanas
  Natasha (twice) (D:4)
  11 orc wizards
  A hound skeleton (D:5)
  Robin (D:2)
  3 gnolls (D:7)
  8 adders
  A shadow imp (D:7)
  4 white imps
  2 dart slugs
  35 orcs
  9 ball pythons
  4 endoplasms
  4 giant cockroaches
  15 goblins
  10 hobgoblins
  4 jackals (D:4)
  14 kobolds
  3 quokkas
  4 bats
  2 frilled lizards
  10 rats
239 creatures vanquished.

Vanquished Creatures (others)
  4 toadstools (D:1)
  A withered plant (D:1)
5 creatures vanquished.

Grand Total: 244 creatures vanquished

Notes
Turn   | Place    | Note
-------+----------+-------------------------------------------
     0 | D:1      | qw the Gargoyle Berserker began the quest for the Orb.
     0 | D:1      | Reached XP level 1. HP: 14/14 MP: 1/1
     0 | D:1      | 0 ||| qw: Version: 0.1-a-108-g9e35731
     0 | D:1      | 0 ||| qw: Game counter: 6373
     0 | D:1      | 0 ||| qw: Always use a shield: true
     0 | D:1      | 0 ||| qw: Do Orc after D:15 true
     0 | D:1      | 0 ||| qw: Do second Lair branch before Depths: true
     0 | D:1      | 0 ||| qw: Lair rune preference: random
     0 | D:1      | 0 ||| qw: Plans: Normal
     0 | D:1      | 0 ||| PLANNING D:1-11
    34 | D:1      | 34 ||| Stepping randomly (stuck).
    35 | D:1      | 35 ||| Stepping randomly (stuck).
    36 | D:1      | 36 ||| Stepping randomly (stuck).
    37 | D:1      | 37 ||| Stepping randomly (stuck).
    38 | D:1      | 38 ||| Stepping randomly (stuck).
    39 | D:1      | 39 ||| Stepping randomly (stuck).
    40 | D:1      | 40 ||| Stepping randomly (stuck).
    41 | D:1      | 41 ||| Stepping randomly (stuck).
    42 | D:1      | 42 ||| Stepping randomly (stuck).
    43 | D:1      | 43 ||| Stepping randomly (stuck).
    44 | D:1      | 44 ||| Stepping randomly (stuck).
    45 | D:1      | 45 ||| Stepping randomly (stuck).
    46 | D:1      | 46 ||| Stepping randomly (stuck).
    47 | D:1      | 47 ||| Stepping randomly (stuck).
    48 | D:1      | 48 ||| Stepping randomly (stuck).
    49 | D:1      | 49 ||| Stepping randomly (stuck).
    50 | D:1      | 50 ||| Stepping randomly (stuck).
    51 | D:1      | 51 ||| Stepping randomly (stuck).
    52 | D:1      | 52 ||| Stepping randomly (stuck).
    53 | D:1      | 53 ||| Stepping randomly (stuck).
    54 | D:1      | 54 ||| Stepping randomly (stuck).
    55 | D:1      | 55 ||| Stepping randomly (stuck).
    56 | D:1      | 56 ||| Stepping randomly (stuck).
    57 | D:1      | 57 ||| Stepping randomly (stuck).
    58 | D:1      | 58 ||| Stepping randomly (stuck).
    59 | D:1      | 59 ||| Stepping randomly (stuck).
    60 | D:1      | 60 ||| Stepping randomly (stuck).
    61 | D:1      | 61 ||| Stepping randomly (stuck).
    62 | D:1      | 62 ||| Stepping randomly (stuck).
    63 | D:1      | 63 ||| Stepping randomly (stuck).
    64 | D:1      | 64 ||| Stepping randomly (stuck).
    65 | D:1      | 65 ||| Stepping randomly (stuck).
    66 | D:1      | 66 ||| Stepping randomly (stuck).
    67 | D:1      | 67 ||| Stepping randomly (stuck).
    68 | D:1      | 68 ||| Stepping randomly (stuck).
    69 | D:1      | 69 ||| Stepping randomly (stuck).
    70 | D:1      | 70 ||| Stepping randomly (stuck).
    71 | D:1      | 71 ||| Stepping randomly (stuck).
    72 | D:1      | 72 ||| Stepping randomly (stuck).
    73 | D:1      | 73 ||| Stepping randomly (stuck).
    74 | D:1      | 74 ||| Stepping randomly (stuck).
    75 | D:1      | 75 ||| Stepping randomly (stuck).
    76 | D:1      | 76 ||| Stepping randomly (stuck).
    77 | D:1      | 77 ||| Stepping randomly (stuck).
    78 | D:1      | 78 ||| Stepping randomly (stuck).
    79 | D:1      | 79 ||| Stepping randomly (stuck).
    80 | D:1      | 80 ||| Stepping randomly (stuck).
    81 | D:1      | 81 ||| Stepping randomly (stuck).
    82 | D:1      | 82 ||| Stepping randomly (stuck).
    83 | D:1      | 83 ||| Stepping randomly (stuck).
    84 | D:1      | 84 ||| Stepping randomly (stuck).
    85 | D:1      | 85 ||| Stepping randomly (stuck).
    86 | D:1      | 86 ||| Stepping randomly (stuck).
    87 | D:1      | 87 ||| Stepping randomly (stuck).
    88 | D:1      | 88 ||| Stepping randomly (stuck).
    89 | D:1      | 89 ||| Stepping randomly (stuck).
    90 | D:1      | 90 ||| Stepping randomly (stuck).
    91 | D:1      | 91 ||| Stepping randomly (stuck).
    92 | D:1      | 92 ||| Stepping randomly (stuck).
    93 | D:1      | 93 ||| Stepping randomly (stuck).
    94 | D:1      | 94 ||| Stepping randomly (stuck).
    95 | D:1      | 95 ||| Stepping randomly (stuck).
    96 | D:1      | 96 ||| Stepping randomly (stuck).
    97 | D:1      | 97 ||| Stepping randomly (stuck).
    98 | D:1      | 98 ||| Stepping randomly (stuck).
    99 | D:1      | 99 ||| Stepping randomly (stuck).
   100 | D:1      | 100 ||| Stepping randomly (stuck).
   101 | D:1      | 101 ||| Stepping randomly (stuck).
   102 | D:1      | 102 ||| Stepping randomly (stuck).
   103 | D:1      | 103 ||| Stepping randomly (stuck).
   104 | D:1      | 104 ||| Stepping randomly (stuck).
   105 | D:1      | 105 ||| Stepping randomly (stuck).
   106 | D:1      | 106 ||| Stepping randomly (stuck).
   107 | D:1      | 107 ||| Stepping randomly (stuck).
   108 | D:1      | 108 ||| Stepping randomly (stuck).
   109 | D:1      | 109 ||| Stepping randomly (stuck).
   110 | D:1      | 110 ||| Stepping randomly (stuck).
   111 | D:1      | 111 ||| Stepping randomly (stuck).
   112 | D:1      | 112 ||| Stepping randomly (stuck).
   113 | D:1      | 113 ||| Stepping randomly (stuck).
   114 | D:1      | 114 ||| Stepping randomly (stuck).
   115 | D:1      | 115 ||| Stepping randomly (stuck).
   116 | D:1      | 116 ||| Stepping randomly (stuck).
   117 | D:1      | 117 ||| Stepping randomly (stuck).
   118 | D:1      | 118 ||| Stepping randomly (stuck).
   119 | D:1      | 119 ||| Stepping randomly (stuck).
   120 | D:1      | 120 ||| Stepping randomly (stuck).
   121 | D:1      | 121 ||| Stepping randomly (stuck).
   122 | D:1      | 122 ||| Stepping randomly (stuck).
   123 | D:1      | 123 ||| Stepping randomly (stuck).
   124 | D:1      | 124 ||| Stepping randomly (stuck).
   125 | D:1      | 125 ||| Stepping randomly (stuck).
   126 | D:1      | 126 ||| Stepping randomly (stuck).
   127 | D:1      | 127 ||| Stepping randomly (stuck).
   128 | D:1      | 128 ||| Stepping randomly (stuck).
   129 | D:1      | 129 ||| Stepping randomly (stuck).
   130 | D:1      | 130 ||| Stepping randomly (stuck).
   131 | D:1      | 131 ||| Stepping randomly (stuck).
   132 | D:1      | 132 ||| Stepping randomly (stuck).
   133 | D:1      | 133 ||| Stepping randomly (stuck).
   134 | D:1      | 134 ||| Stepping randomly (stuck).
   135 | D:1      | 135 ||| Stepping randomly (stuck).
   136 | D:1      | 136 ||| Stepping randomly (stuck).
   137 | D:1      | 137 ||| Stepping randomly (stuck).
   138 | D:1      | 138 ||| Stepping randomly (stuck).
   139 | D:1      | 139 ||| Stepping randomly (stuck).
   140 | D:1      | 140 ||| Stepping randomly (stuck).
   141 | D:1      | 141 ||| Stepping randomly (stuck).
   142 | D:1      | 142 ||| Stepping randomly (stuck).
   143 | D:1      | 143 ||| Stepping randomly (stuck).
   144 | D:1      | 144 ||| Stepping randomly (stuck).
   145 | D:1      | 145 ||| Stepping randomly (stuck).
   146 | D:1      | 146 ||| Stepping randomly (stuck).
   147 | D:1      | 147 ||| Stepping randomly (stuck).
   148 | D:1      | 148 ||| Stepping randomly (stuck).
   149 | D:1      | 149 ||| Stepping randomly (stuck).
   150 | D:1      | 150 ||| Stepping randomly (stuck).
   151 | D:1      | 151 ||| Stepping randomly (stuck).
   152 | D:1      | 152 ||| Stepping randomly (stuck).
   153 | D:1      | 153 ||| Stepping randomly (stuck).
   154 | D:1      | 154 ||| Stepping randomly (stuck).
   155 | D:1      | 155 ||| Stepping randomly (stuck).
   156 | D:1      | 156 ||| Stepping randomly (stuck).
   157 | D:1      | 157 ||| Stepping randomly (stuck).
   158 | D:1      | 158 ||| Stepping randomly (stuck).
   159 | D:1      | 159 ||| Stepping randomly (stuck).
   160 | D:1      | 160 ||| Stepping randomly (stuck).
   161 | D:1      | 161 ||| Stepping randomly (stuck).
   162 | D:1      | 162 ||| Stepping randomly (stuck).
   163 | D:1      | 163 ||| Stepping randomly (stuck).
   164 | D:1      | 164 ||| Stepping randomly (stuck).
   165 | D:1      | 165 ||| Stepping randomly (stuck).
   166 | D:1      | 166 ||| Stepping randomly (stuck).
   167 | D:1      | 167 ||| Stepping randomly (stuck).
   168 | D:1      | 168 ||| Stepping randomly (stuck).
   169 | D:1      | 169 ||| Stepping randomly (stuck).
   170 | D:1      | 170 ||| Stepping randomly (stuck).
   171 | D:1      | 171 ||| Stepping randomly (stuck).
   172 | D:1      | 172 ||| Stepping randomly (stuck).
   173 | D:1      | 173 ||| Stepping randomly (stuck).
   174 | D:1      | 174 ||| Stepping randomly (stuck).
   175 | D:1      | 175 ||| Stepping randomly (stuck).
   176 | D:1      | 176 ||| Stepping randomly (stuck).
   177 | D:1      | 177 ||| Stepping randomly (stuck).
   178 | D:1      | 178 ||| Stepping randomly (stuck).
   179 | D:1      | 179 ||| Stepping randomly (stuck).
   180 | D:1      | 180 ||| Stepping randomly (stuck).
   181 | D:1      | 181 ||| Stepping randomly (stuck).
   182 | D:1      | 182 ||| Stepping randomly (stuck).
   183 | D:1      | 183 ||| Stepping randomly (stuck).
   184 | D:1      | 184 ||| Stepping randomly (stuck).
   185 | D:1      | 185 ||| Stepping randomly (stuck).
   186 | D:1      | 186 ||| Stepping randomly (stuck).
   187 | D:1      | 187 ||| Stepping randomly (stuck).
   188 | D:1      | 188 ||| Stepping randomly (stuck).
   189 | D:1      | 189 ||| Stepping randomly (stuck).
   190 | D:1      | 190 ||| Stepping randomly (stuck).
   191 | D:1      | 191 ||| Stepping randomly (stuck).
   192 | D:1      | 192 ||| Stepping randomly (stuck).
   193 | D:1      | 193 ||| Stepping randomly (stuck).
   194 | D:1      | 194 ||| Stepping randomly (stuck).
   195 | D:1      | 195 ||| Stepping randomly (stuck).
   196 | D:1      | 196 ||| Stepping randomly (stuck).
   197 | D:1      | 197 ||| Stepping randomly (stuck).
   198 | D:1      | 198 ||| Stepping randomly (stuck).
   199 | D:1      | 199 ||| Stepping randomly (stuck).
   200 | D:1      | 200 ||| Stepping randomly (stuck).
   201 | D:1      | 201 ||| Stepping randomly (stuck).
   202 | D:1      | 202 ||| Stepping randomly (stuck).
   203 | D:1      | 203 ||| Stepping randomly (stuck).
   204 | D:1      | 204 ||| Stepping randomly (stuck).
   205 | D:1      | 205 ||| Stepping randomly (stuck).
   206 | D:1      | 206 ||| Stepping randomly (stuck).
   207 | D:1      | 207 ||| Stepping randomly (stuck).
   208 | D:1      | 208 ||| Stepping randomly (stuck).
   209 | D:1      | 209 ||| Stepping randomly (stuck).
   210 | D:1      | 210 ||| Stepping randomly (stuck).
   211 | D:1      | 211 ||| Stepping randomly (stuck).
   212 | D:1      | 212 ||| Stepping randomly (stuck).
   213 | D:1      | 213 ||| Stepping randomly (stuck).
   214 | D:1      | 214 ||| Stepping randomly (stuck).
   215 | D:1      | 215 ||| Stepping randomly (stuck).
   216 | D:1      | 216 ||| Stepping randomly (stuck).
   217 | D:1      | 217 ||| Stepping randomly (stuck).
   218 | D:1      | 218 ||| Stepping randomly (stuck).
   219 | D:1      | 219 ||| Stepping randomly (stuck).
   220 | D:1      | 220 ||| Stepping randomly (stuck).
   221 | D:1      | 221 ||| Stepping randomly (stuck).
   303 | D:1      | 303 ||| Stepping ~*~*~tactically~*~*~ (stealth).
   329 | D:1      | 329 ||| Stepping ~*~*~tactically~*~*~ (stealth).
   330 | D:1      | 330 ||| Stepping ~*~*~tactically~*~*~ (stealth).
   410 | D:1      | 410 ||| Stepping ~*~*~tactically~*~*~ (stealth).
   419 | D:1      | Reached skill level 3 in Axes
   522 | D:1      | Reached XP level 2. HP: 17/19 MP: 2/2
   553 | D:1      | 553 ||| UPGRADING to +0 scale mail.
   563 | D:1      | 563 ||| DROPPING +0 animal skin.
   564 | D:1      | 564 ||| READING scroll labelled QATRYG POBRA.
   631 | D:2      | 631 ||| Stepping ~*~*~tactically~*~*~ (stealth).
   845 | D:2      | 845 ||| Stepping ~*~*~tactically~*~*~ (hiding).
   868 | D:2      | Reached XP level 3. HP: 22/23 MP: 3/3
   993 | D:2      | You fall into a shaft and drop 2 floors!
   993 | D:4      | Found a staircase to the Ecumenical Temple.
  1036 | D:4      | Reached skill level 1 in Throwing
  1125 | D:4      | Noticed Natasha
  1129 | D:4      | 1129 ||| INVOKING Berserk.
  1130 | D:4      | 1130 ||| INVOKING Berserk.
  1135 | D:4      | Killed Natasha
  1136 | D:4      | Reached skill level 4 in Axes
  1136 | D:4      | Reached XP level 4. HP: 28/28 MP: 4/4
  1283 | D:4      | Noticed a lemure
  1284 | D:4      | Noticed a lemure
  1285 | D:4      | 1285 ||| Stepping ~*~*~tactically~*~*~ (stealth).
  1291 | D:4      | Killed a lemure
  1295 | D:4      | Noticed a lemure
  1297 | D:4      | 1297 ||| Stepping ~*~*~tactically~*~*~ (stealth).
  1310 | D:4      | Killed a lemure
  1315 | D:4      | 1315 ||| INVOKING Berserk.
  1315 | D:4      | HP: 7/42 [lemure[Pikel] (8)]
  1316 | D:4      | Killed a lemure
  1575 | D:4      | Noticed a lemure
  1576 | D:4      | 1576 ||| Stepping ~*~*~tactically~*~*~ (stealth).
  1603 | D:4      | Noticed Pikel
  1608 | D:4      | 1608 ||| INVOKING Berserk.
  1621 | D:4      | Killed a lemure
  1623 | D:4      | Killed Pikel
  1624 | D:4      | Reached skill level 7 in Axes
  1624 | D:4      | Reached XP level 5. HP: 29/32 MP: 5/5
  1624 | D:4      | Reached XP level 6. HP: 33/37 MP: 6/6
  1624 | D:4      | Reached XP level 7. HP: 37/41 MP: 7/7
  1737 | D:4      | 1737 ||| DROPPING +0 club.
  1812 | D:4      | Found the amulet of Elemental Vulnerability {rPois rF--
                  | rC-- AC+8}
  1823 | D:4      | 1823 ||| Stepping ~*~*~tactically~*~*~ (stealth).
  1825 | D:4      | 1825 ||| Stepping ~*~*~tactically~*~*~ (stealth).
  1829 | D:4      | Reached ** piety under Trog
  1880 | D:4      | 1880 ||| Stepping ~*~*~tactically~*~*~ (stealth).
  1882 | D:4      | 1882 ||| DROPPING +1 whip of freezing.
  1906 | D:4      | Noticed Menkaure
  1910 | D:4      | 1910 ||| INVOKING Berserk.
  1911 | D:4      | 1911 ||| INVOKING Berserk.
  1915 | D:4      | Killed Menkaure
  2230 | D:4      | Noticed Natasha
  2234 | D:4      | 2234 ||| INVOKING Berserk.
  2236 | D:4      | Killed Natasha
  2369 | D:4      | 2369 ||| UPGRADING to amulet of regeneration.
  2374 | D:4      | 2374 ||| READING scroll labelled ATOVITR IQIUS.
  2375 | D:4      | 2375 ||| READING scroll labelled ENKONE AFYRY.
  2376 | D:4      | 2376 ||| READING 3 scrolls of identify.
  2376 | D:4      | 2376 ||| IDENTIFYING bubbling yellow potion
  2377 | D:4      | 2377 ||| READING 2 scrolls of identify.
  2377 | D:4      | 2377 ||| IDENTIFYING glowing green potion
  2386 | D:3      | Found a broken altar of Ashenzari.
  2472 | D:3      | Found a radiant altar of Vehumet.
  2492 | D:3      | 2492 ||| Stepping ~*~*~tactically~*~*~ (stealth).
  2493 | D:3      | 2493 ||| Stepping ~*~*~tactically~*~*~ (stealth).
  2494 | D:3      | 2494 ||| Stepping ~*~*~tactically~*~*~ (stealth).
  2567 | D:3      | Found a glowing silver altar of Zin.
  2598 | D:3      | 2598 ||| UPGRADING to +0 pair of boots.
  2603 | D:3      | 2603 ||| DROPPING ring of flight.
  2604 | D:3      | 2604 ||| READING 2 scrolls labelled DUKAEM NITOENN.
  2605 | D:3      | 2605 ||| DROPPING scroll of immolation.
  2680 | D:2      | Noticed Robin
  2681 | D:2      | 2681 ||| Stepping ~*~*~tactically~*~*~ (hiding).
  2689 | D:2      | 2689 ||| INVOKING Berserk.
  2695 | D:2      | Killed Robin
  2951 | D:2      | Reached XP level 8. HP: 49/49 MP: 8/8
  3140 | D:2      | 3140 ||| UPGRADING to +0 helmet.
  3145 | D:2      | 3145 ||| UPGRADING to ring of resist corrosion.
  3146 | D:2      | 3146 ||| READING scroll labelled POGEIG REGE.
  3210 | D:1      | Found a faded altar of an unknown god.
  3320 | D:1      | 3320 ||| Stepping ~*~*~tactically~*~*~ (stealth).
  3326 | D:1      | 3326 ||| Stepping ~*~*~tactically~*~*~ (stealth).
  3327 | D:1      | 3327 ||| Stepping ~*~*~tactically~*~*~ (stealth).
  3328 | D:1      | 3328 ||| Stepping ~*~*~tactically~*~*~ (stealth).
  3329 | D:1      | 3329 ||| Stepping ~*~*~tactically~*~*~ (stealth).
  3544 | D:1      | 3544 ||| DROPPING amulet of magic regeneration.
  3545 | D:1      | 3545 ||| READING scroll labelled BIUXZU IGIBRIABOOH.
  3546 | D:1      | 3546 ||| READING scroll labelled FOSOOLIRYR.
  3549 | D:1      | 3549 ||| READING scroll labelled ATIXKIOMOLO.
  3550 | D:1      | 3550 ||| READING scroll labelled USUOWO IJUCILL.
  3551 | D:1      | 3551 ||| READING scroll labelled FIBOINOAXE.
  3552 | D:1      | 3552 ||| READING 5 scrolls of identify.
  3552 | D:1      | 3552 ||| IDENTIFYING clear potion
  3553 | D:1      | 3553 ||| DROPPING potion of ambrosia.
  3719 | D:3      | 3719 ||| Stepping ~*~*~tactically~*~*~ (stealth).
  3724 | D:3      | 3724 ||| INVOKING Berserk.
  3842 | D:3      | 3842 ||| DROPPING +0 flail.
  4006 | D:3      | Found a snail-covered altar of Cheibriados.
  4128 | D:3      | 4128 ||| DROPPING ring of magical power.
  4129 | D:3      | 4129 ||| READING 5 scrolls of identify.
  4129 | D:3      | 4129 ||| IDENTIFYING lumpy cyan potion
  4191 | D:4      | Found a bloodstained altar of Trog.
  4198 | D:4      | Reached skill level 3 in Armour
  4416 | D:4      | Found an opulent altar of Gozag.
  4572 | D:4      | Found an iron altar of Okawaru.
  4579 | D:5      | Entered Level 5 of the Dungeon
  4601 | D:5      | Found a runed translucent door.
  4626 | D:5      | 4626 ||| INVOKING Berserk.
  4632 | D:5      | Reached skill level 8 in Axes
  4752 | D:5      | 4752 ||| SWAPPING to +0 war axe.
  4758 | D:5      | Reached *** piety under Trog
  4761 | D:5      | 4761 ||| DROPPING +1 hand axe.
  4838 | D:5      | Found a runed translucent door.
  4838 | D:5      | Noticed a wyvern
  4851 | D:5      | 4851 ||| INVOKING Berserk.
  4853 | D:5      | Killed a wyvern
  4854 | D:5      | Reached skill level 6 in Fighting
  4992 | D:5      | Noticed qw's ghost (amateur MiFi)
  5109 | D:5      | 5109 ||| INVOKING Berserk.
  5258 | D:5      | 5258 ||| Stepping ~*~*~tactically~*~*~ (stealth).
  5364 | D:5      | Reached skill level 9 in Axes
  5364 | D:5      | Reached XP level 9. HP: 56/56 MP: 9/9
  5371 | D:5      | Found a burning altar of Makhleb.
  5466 | D:5      | 5466 ||| UPGRADING to +0 chain mail.
  5476 | D:5      | 5476 ||| DROPPING +0 scale mail.
  5477 | D:5      | 5477 ||| UPGRADING to +0 cloak.
  5482 | D:5      | 5482 ||| READING scroll labelled UTUTUW UJITUE.
  5483 | D:5      | 5483 ||| READING scroll labelled ERAREE GOXT.
  5484 | D:5      | 5484 ||| READING scroll labelled MAHONL AVIJ.
  5485 | D:5      | 5485 ||| DRINKING 2 yellow potions.
  5486 | D:5      | 5486 ||| READING 4 scrolls of identify.
  5486 | D:5      | 5486 ||| IDENTIFYING glowing dark potion
  5487 | D:5      | 5487 ||| DROPPING potion of brilliance.
  5513 | D:6      | 5513 ||| Stepping ~*~*~tactically~*~*~ (stealth).
  5553 | D:6      | 5553 ||| Stepping ~*~*~tactically~*~*~ (hiding).
  5557 | D:6      | 5557 ||| INVOKING Berserk.
  5660 | D:6      | 5660 ||| INVOKING Berserk.
  5930 | D:6      | 5930 ||| Stepping ~*~*~tactically~*~*~ (stealth).
  5932 | D:6      | 5932 ||| Stepping ~*~*~tactically~*~*~ (stealth).
  5933 | D:6      | 5933 ||| Stepping ~*~*~tactically~*~*~ (stealth).
  5935 | D:6      | 5935 ||| INVOKING Berserk.
  6176 | D:6      | 6176 ||| INVOKING Berserk.
  6347 | D:6      | 6347 ||| READING scroll of enchant armour.
  6347 | D:6      | 6347 ||| ENCHANTING +0 helmet.
  6412 | D:6      | 6412 ||| Stepping ~*~*~tactically~*~*~ (hiding).
  6414 | D:6      | 6414 ||| Stepping ~*~*~tactically~*~*~ (stealth).
  6425 | D:6      | 6425 ||| INVOKING Berserk.
  6558 | D:6      | 6558 ||| Stepping ~*~*~tactically~*~*~ (hiding).
  6559 | D:6      | 6559 ||| Stepping ~*~*~tactically~*~*~ (hiding).
  6562 | D:6      | 6562 ||| INVOKING Berserk.
  6564 | D:6      | Reached skill level 10 in Axes
  6576 | D:6      | 6576 ||| Stepping ~*~*~tactically~*~*~ (stealth).
  6839 | D:6      | 6839 ||| UPGRADING to +0 plate armour.
  6849 | D:6      | 6849 ||| DROPPING +0 chain mail.
  6850 | D:6      | 6850 ||| READING scroll labelled IRPHEJOZAUHIO.
  6851 | D:6      | 6851 ||| READING 4 scrolls of identify.
  6851 | D:6      | 6851 ||| IDENTIFYING ruby potion
  6917 | D:7      | 6917 ||| Stepping ~*~*~tactically~*~*~ (stealth).
  6927 | D:7      | 6927 ||| Stepping ~*~*~tactically~*~*~ (hiding).
  6928 | D:7      | 6928 ||| Stepping ~*~*~tactically~*~*~ (hiding).
  6930 | D:7      | 6930 ||| Stepping ~*~*~tactically~*~*~ (hiding).
  6931 | D:7      | 6931 ||| Stepping ~*~*~tactically~*~*~ (hiding).
  6932 | D:7      | 6932 ||| Stepping ~*~*~tactically~*~*~ (hiding).
  6933 | D:7      | 6933 ||| Stepping ~*~*~tactically~*~*~ (hiding).
  6943 | D:7      | Reached skill level 6 in Armour
  7120 | D:7      | Reached skill level 3 in Throwing
  7120 | D:7      | Reached XP level 10. HP: 63/63 MP: 10/10
  7244 | D:7      | 7244 ||| Stepping ~*~*~tactically~*~*~ (hiding).
  7246 | D:7      | 7246 ||| Stepping ~*~*~tactically~*~*~ (hiding).
  7251 | D:7      | 7251 ||| Stepping ~*~*~tactically~*~*~ (hiding).
  7252 | D:7      | 7252 ||| Stepping ~*~*~tactically~*~*~ (hiding).
  7257 | D:7      | 7257 ||| DRINKING potion of curing.
  7257 | D:7      | 7257 ||| (to cure confusion)
  7305 | D:7      | Found a shimmering blue altar of Sif Muna.
  7317 | D:7      | 7317 ||| FLEEEEING.
  7322 | D:7      | 7322 ||| STAIRDANCE
  7330 | D:6      | 7330 ||| READING 3 scrolls of identify.
  7330 | D:6      | 7330 ||| IDENTIFYING black potion
  7370 | D:7      | Reached **** piety under Trog
  7440 | D:7      | Found a glowing golden altar of the Shining One.
  7571 | D:7      | 7571 ||| READING scroll of enchant weapon.
  7571 | D:7      | 7571 ||| ENCHANTING +0 war axe.
  7650 | D:7      | Noticed Maggie
  7663 | D:7      | Killed Maggie
  7723 | D:7      | 7723 ||| READING 2 scrolls of identify.
  7723 | D:7      | 7723 ||| IDENTIFYING dark potion
  7724 | D:7      | 7724 ||| DROPPING potion of lignification.
  7780 | D:8      | 7780 ||| READING scroll of enchant armour.
  7780 | D:8      | 7780 ||| ENCHANTING +1 helmet.
  7808 | D:8      | Found an ornate altar of the Wu Jian Council.
  7812 | D:8      | 7812 ||| INVOKING Berserk.
  7820 | D:8      | 7820 ||| FLEEEEING.
  7821 | D:8      | 7821 ||| FLEEEEING.
  7822 | D:8      | 7822 ||| FLEEEEING.
  7826 | D:8      | 7826 ||| FLEEEEING.
  7831 | D:8      | 7831 ||| STAIRDANCE
  8055 | D:8      | 8055 ||| Stepping ~*~*~tactically~*~*~ (stealth).
  8063 | D:8      | 8063 ||| Stepping ~*~*~tactically~*~*~ (hiding).
  8179 | D:8      | 8179 ||| Stepping ~*~*~tactically~*~*~ (stealth).
  8185 | D:8      | 8185 ||| INVOKING Berserk.
  8395 | D:8      | 8395 ||| Stepping ~*~*~tactically~*~*~ (stealth).
  8397 | D:8      | 8397 ||| INVOKING Berserk.
  8400 | D:8      | Reached skill level 11 in Axes
  8420 | D:8      | 8420 ||| FLEEEEING.
  8421 | D:8      | 8421 ||| FLEEEEING.
  8422 | D:8      | 8422 ||| FLEEEEING.
  8423 | D:8      | 8423 ||| FLEEEEING.
  8424 | D:8      | 8424 ||| FLEEEEING.
  8425 | D:8      | 8425 ||| FLEEEEING.
  8458 | D:8      | Found a hazy altar of Hepliaklqana.
  8700 | D:8      | 8700 ||| DRINKING 2 red potions.
  8701 | D:8      | 8701 ||| DROPPING potion of flight.
  8718 | D:9      | 8718 ||| STAIRDANCE
  8749 | D:9      | 8749 ||| INVOKING Berserk.
  8753 | D:9      | 8753 ||| STAIRDANCE
  8951 | D:9      | 8951 ||| INVOKING Berserk.
  9276 | D:9      | 9276 ||| INVOKING Berserk.
  9278 | D:9      | Reached skill level 9 in Fighting
  9278 | D:9      | HP: 19/99 [yak (11)]
  9280 | D:9      | Reached XP level 11. HP: 21/71 MP: 11/11
  9495 | D:9      | 9495 ||| Stepping ~*~*~tactically~*~*~ (stealth).
  9539 | D:9      | 9539 ||| INVOKING Berserk.
  9793 | D:9      | 9793 ||| READING 2 scrolls of identify.
  9793 | D:9      | 9793 ||| IDENTIFYING brown potion
  9794 | D:9      | 9794 ||| DROPPING potion of degeneration.
  9824 | D:10     | Entered Level 10 of the Dungeon
  9826 | D:10     | Noticed a seven-headed hydra
  9826 | D:10     | Noticed a tengu warrior
  9827 | D:10     | 9827 ||| Stepping ~*~*~tactically~*~*~ (hiding).
  9827 | D:10     | Noticed a green ugly thing
  9829 | D:10     | Noticed a brown ugly thing
  9831 | D:10     | 9831 ||| INVOKING Brothers in Arms.
  9832 | D:10     | 9832 ||| INVOKING Brothers in Arms.
  9833 | D:10     | 9833 ||| INVOKING Brothers in Arms.
  9834 | D:10     | 9834 ||| SWAPPING to +0 morningstar.
  9835 | D:10     | 9835 ||| INVOKING Berserk.
  9837 | D:10     | HP: 24/106 [seven-headed hydra (4)]
  9839 | D:10     | HP: 7/106 [seven-headed hydra (5)]
  9841 | D:10     | Killed a seven-headed hydra
  9842 | D:10     | Reached skill level 12 in Axes
  9843 | D:10     | Slain by a tengu warrior

Levels and vault maps discovered:
D:1:      ldierk_water_garden, layout_rooms, ebering_ecumenical_altar_petrified
D:2:      layout_loops_ring, minmay_randomly_rotated_circles, uniq_robin
D:3:      layout_basic, ashenzari_altar_1, mainiacjoe_overflow_cross_hatched,
          mainiacjoe_overflow_six_doors_small, mainiacjoe_overflow_chevrons
D:4:      layout_cave_pods, kennysheep_okawaru_gauntlet, trog_butcher_becter,
          nicolae_gozag_cash_rules_everything_around_me,
          minmay_temple_entry_crystal_x, minmay_close_crescents, uniq_menkaure,
          uniq_natasha, uniq_pikel
D:5:      layout_rooms, makhleb_blood_cavern_becter, ebering_ghost_sewer_f
D:6:      layout_loops_cross, grunt_ministairs_9,
          amcnicky_mini_rare_corridor_liquid
D:7:      layout_basic, marbit_many_paths, led_sif_book, minmay_nine_imps,
          uniq_maggie
D:8:      layout_loops_ring, mainiacjoe_overflow_concentric_impassable,
          lemuel_tele_altar
D:9:      layout_long_grid, kennysheep_small_circle
D:10:     minmay_blocky_corners, layout_rooms, overflow_temple_1_default,
          yredelemnul_altar_generic, lemuel_crystal_altar, enter_trove_2,
          minivault_14, minivault_26, solitary_fountain,
          minmay_fractal_squares_gapless_7

Skill      XL: |  1  2  3  4  5  6  7  8  9 10 11 |
---------------+----------------------------------+-----
Axes           | 3 4 7 9 10 11 12 | 12.0
Throwing       | 1 2 3 4 |  4.0
Fighting       | 5 6 7 9 |  9.2
Armour         | 3 6 8 |  8.0
Dodging        | |  1.5

Action                   |  1- 3 |  4- 6 |  7- 9 | 10-12 || total
-------------------------+-------+-------+-------+-------++-------
Melee: Hand axe          |    71 |    52 |   160 |       ||   283
       Punch             |     1 |     1 |     1 |     2 ||     5
       War axe           |       |       |   211 |   224 ||   435
       Morningstar       |       |       |       |     8 ||     8
Throw: Javelin           |     9 |     7 |    89 |    35 ||   140
Invok: Berserk           |     1 |     2 |    13 |     8 ||    24
       Brothers in Arms  |       |       |       |     1 ||     1
  Use: Scroll            |     1 |       |    20 |     5 ||    26
       Potion            |       |       |     1 |     2 ||     3
Armor: Animal skin       |    11 |       |       |       ||    11
       Scale mail        |    20 |    19 |   104 |       ||   143
       Chain mail        |       |       |    89 |       ||    89
       Plate armour      |       |       |    30 |   266 ||   296
Dodge: Dodged            |    27 |    30 |   130 |   127 ||   314

Table legend:
 A = Non-vault XP
 B = Vault XP
 C = Vault XP percentage of total XP
 D = Non-vault monster count
 E = Vault monster count
 F = Vault count percentage of total count
                 A         B        C        D         E       F
            +---------+---------+-------+---------+---------+-------
      Total |    8670 |    3000 |  25.7 |     189 |      46 |  19.6
            +---------+---------+-------+---------+---------+-------
        D:1 |      28 |       0 |   0.0 |      17 |       0 |   0.0
        D:2 |      38 |      59 |  60.8 |       8 |      19 |  70.4
        D:3 |      72 |       0 |   0.0 |      18 |       0 |   0.0
        D:4 |     202 |     942 |  82.3 |      22 |      11 |  33.3
        D:5 |     918 |     111 |  10.8 |      20 |       2 |   9.1
        D:6 |    1699 |      10 |   0.6 |      32 |       1 |   3.0
        D:7 |    1010 |     901 |  47.1 |      18 |      11 |  37.9
        D:8 |    1330 |       0 |   0.0 |      27 |       0 |   0.0
        D:9 |    3373 |     129 |   3.7 |      27 |       1 |   3.6
       D:10 |       0 |     848 | 100.0 |       0 |       1 | 100.0
            +---------+---------+-------+---------+---------+-------
